 Dungeon Crawl Stone Soup version 0.28-a0-1374-ga75cb3825e (webtiles) character file.

Game seed: 12409893461643464401

108514 porpoise the Thaumaturge (level 16, -2/92 HPs)
             Began as a Deep Elf Conjurer on Dec 30, 2021.
             Was a High Priest of Vehumet.
             Shot with an arrow by a deep elf archer (20 damage)
             ... on level 1 of the Elven Halls on Jan 1, 2022.
             The game lasted 03:38:52 (46140 turns).

porpoise the Thaumaturge (Deep Elf Conjurer)       Turns: 46140, Time: 03:38:52

Health: -2/92      AC:  8    Str:  8    XL:     16   Next: 2%
Magic:  20/36      EV: 17    Int: 31    God:    Vehumet [*****.]
Gold:   756        SH:  5    Dex: 13    Spells: 4/43 levels left

rFire   + . .      SeeInvis +   a - staff of poison
rCold   + + .      Faith    .   J - +0 buckler
rNeg    + . .      Spirit   .   t - +2 robe {rC+ rF+}
rPois   +          Reflect  .   h - +1 hat "Inarew" {Will+}
rElec   .          Harm     .   (no cloak)
rCorr   .          Rampage  .   g - +1 pair of gloves
Will    +++..                   q - +0 pair of boots
Stlth   +++++.....              y - amulet of the acrobat
HPRegen 0.25/turn               W - ring of willpower
MPRegen 0.25/turn               D - ring "Juth" {rC+ rN+ Int+3 SInv}

@: studying Polearms
A: no striking features
a: Renounce Religion


You were on level 1 of the Elven Halls.
You worshipped Vehumet.
Vehumet was extremely pleased with you.
You visited 6 branches of the dungeon, and saw 26 of its levels.
You also visited: Sewer and Ice Cave.

You collected 2567 gold pieces.
You spent 1811 gold pieces at shops.

Inventory:

Hand Weapons
 w - a +2 vorpal hunting sling
Missiles
 l - 3 atropa-tipped darts
 H - 108 sling bullets
 M - 3 boomerangs of dispersal
 O - 5 curare-tipped darts
Armour
 g - a +1 pair of gloves (worn)
 h - the +1 hat "Inarew" (worn) {Will+}
   (You acquired it on level 3 of the Lair of Beasts)

   Will:      It increases your willpower.
 m - +0 fire dragon scales
 q - a +0 pair of boots (worn)
 t - a +2 robe of resistance (worn)
 J - a +0 buckler (worn)
Magical Staves
 a - a staff of poison (weapon)
 b - a staff of earth
Jewellery
 n - a ring of protection from fire
 p - a +6 ring of strength
 y - an amulet of the acrobat (around neck)
 D - the ring "Juth" (right hand) {rC+ rN+ Int+3 SInv}
   (You found it in an ice cave)

   [ring of protection from cold]

   Int:       It affects your intelligence (+3).
   rC:        It protects you from cold.
   rN:        It protects you from negative energy.
   SInv:      It lets you see invisible.
 K - a +4 ring of evasion
 L - a ring of resist corrosion
 W - a ring of willpower (left hand)
Wands
 r - a wand of iceblast (8)
 u - a wand of charming (6)
 x - a wand of acid (5)
 E - a wand of mindburst (21)
 F - a wand of digging (16)
 I - a wand of flame (72)
 X - a wand of paralysis (4)
Scrolls
 e - a scroll of holy word
 i - 4 scrolls of fog
 o - 2 scrolls of magic mapping
 s - 9 scrolls of teleportation
 C - 2 scrolls of blinking
 G - a scroll of vulnerability
 V - a scroll of summoning
 Z - a scroll of silence
Potions
 c - a potion of haste
 d - 6 potions of flight
 f - 6 potions of curing
 j - a potion of resistance
 k - 4 potions of attraction
 v - 5 potions of invisibility
 A - a potion of heal wounds
 B - 4 potions of lignification
 N - a potion of magic
 P - a potion of cancellation
 T - 2 potions of ambrosia
Miscellaneous
 z - a phantom mirror
 S - a condenser vane
 U - a lightning rod (4/4)


   Skills:
 - Level 7.0 Fighting
 - Level 12.0 Dodging
 + Level 11.9 Stealth
 - Level 4.0 Shields
 - Level 14.0 Spellcasting
 - Level 12.0 Conjurations
 * Level 9.5 Hexes
 - Level 7.0 Translocations
 - Level 7.0 Transmutations
 - Level 7.0 Fire Magic
 * Level 10.7 Earth Magic
 - Level 9.0 Poison Magic
 - Level 9.0 Evocations


You had 4 spell levels left.
You knew the following spells:

 Your Spells              Type           Power      Damage    Failure   Level
a - Magic Dart            Conj           100%       1d8       0%          1
b - Searing Ray           Conj           100%       2d8       0%          2
c - Fulminant Prism       Conj/Hex       36%        3d18      1%          4
d - Iskenderun's Mystic   Conj/Tloc      69%        2d14      1%          4
e - Iron Shot             Conj/Erth      37%        9d7       1%          6
i - Ignite Poison         Fire/Tmut/Pois 81%        N/A       1%          3
l - Lee's Rapid Deconstr  Erth           36%        3d19*     1%          5
m - Mephitic Cloud        Conj/Pois/Air  78%        N/A       1%          3
o - Orb of Destruction    Conj           38%        9d13      3%          7
x - Olgreb's Toxic Radia  Pois           86%        N/A       1%          4

Your spell library contained the following spells:

 Spells                   Type           Power      Damage    Failure   Level
 Sticky Flame             Conj/Fire      69%        2d8       1%          4
 Apportation              Tloc           100%       N/A       1%          1
 Sandblast                Erth           100%       2d20      1%          1
 Sting                    Tmut/Pois      100%       1d8       1%          1
 Passwall                 Tmut/Erth      55%        N/A       1%          2
 Poisonous Vapours        Pois/Air       100%       N/A       1%          2
 Dazzling Flash           Conj/Hex       100%       N/A       1%          3
 Gell's Gravitas          Tloc           60%        N/A       1%          3
 Lesser Beckoning         Tloc           60%        N/A       1%          3
 Summon Guardian Golem    Hex/Summ       50%        N/A       1%          3
 Teleport Other           Tloc           60%        N/A       1%          3
 Tukima's Dance           Hex            69%        N/A       1%          3
 Leda's Liquefaction      Hex/Erth       35%        N/A       1%          4
 Passage of Golubria      Tloc           60%        N/A       1%          4
 Animate Skeleton         Necr           42%        N/A       2%          1
 Pain                     Necr           84%        1d8       2%          1
 Animate Armour           Summ/Erth      100%       N/A       2%          4
 Call Imp                 Summ           21%        N/A       3%          2
 Ozocubu's Armour         Ice            21%        N/A       6%          3
 Vampiric Draining        Necr           21%        2d7       6%          3
 Yara's Violent Unravell  Hex/Tmut       32%        3d13      1%          5
 Starburst                Conj/Fire      34%        6d10      1%          6
 Blade Hands              Tmut           30%        N/A       3%          5
 Freezing Cloud           Conj/Ice/Air   23%        6-21      3%          5
 Manifold Assault         Tloc           60%        N/A       3%          5
 Metabolic Englaciation   Hex/Ice        25%        N/A       9%          5
 Statue Form              Tmut/Erth      44%        N/A       9%          6
 Spellforged Servitor     Conj/Summ      28%        N/A       36%         7
 Simulacrum               Ice/Necr       10%        N/A       97%         6
 Malign Gateway           Summ/Tloc      21%        N/A       99%         7
 Shatter                  Erth           36%        3d29*     99%         9


Dungeon Overview and Level Annotations

Branches:
Dungeon (15/15)            Temple (1/1) D:6            Lair (6/6) D:10
  Snake (0/4) Lair:4       Spider (1/4) Lair:4        Slime (0/5) Lair:6
    Orc (2/2) D:12            Elf (1/3) Orc:2        Vaults (0/5) D:14
 Depths (0/4) D:15          Sewer (visited)           IceCv (visited)

Altars:
Ashenzari
Cheibriados
Dithmenos
Elyvilon
Fedhas
Gozag
Hepliaklqana
Kikubaaqudgha
Makhleb
Nemelex Xobeh
Okawaru
Qazlal
Ru
Sif Muna
Trog
Uskayaw
Vehumet
Wu Jian
Xom
Yredelemnul
Zin
The Shining One
Jiyva
Lugonu

Shops:
D:5 *   D:12 !   D:13 *(?[   Orc:2 [!*[

Annotations:
D:7 3 runed translucent doors, frimble's ghost, novice DsWr
Lair:4 3 runed translucent doors, Kesmoz's ghost, journeyman MfBe


Message History

You ignite the poison in your surroundings!
Nikola seems to burn from within!!!
Nikola is severely wounded.
A deep elf pyromancer comes into view. It is wielding a +0 rapier.
Casting: Ignite Poison (safe; 1% risk of failure)
Confirm with . or Enter, or press ? or * to list all spells.
You feel a surge of power!
You begin to radiate toxic energy.
Nikola is poisoned.
The deep elf pyromancer shouts!
The deep elf pyromancer is poisoned.
Nikola looks even sicker.
The deep elf pyromancer looks even sicker.
The deep elf pyromancer gestures wildly while chanting.
The deep elf pyromancer blinks!
A deep elf zephyrmancer comes into view.
It is wielding a +2 dagger of freezing.
Casting: Olgreb's Toxic Radiance (safe; 1% risk of failure)
Confirm with . or Enter, or press ? or * to list all spells.
You feel a surge of power!
You ignite the poison in your surroundings!
Nikola seems to burn from within!!!
Nikola is almost dead.
The deep elf zephyrmancer is poisoned.
Nikola is poisoned.
You block Nikola's attack.
A deep elf archer comes into view. It is wielding a +0 dagger.
A +0 war axe of flaming comes into view.
Casting: Ignite Poison (safe; 1% risk of failure)
Confirm with . or Enter, or press ? or * to list all spells.
You feel a surge of power!
You ignite the poison in your surroundings!
Nikola seems to burn from within!!
You kill Nikola!
Vehumet accepts your kill.
You feel your power returning.
The deep elf zephyrmancer seems to burn from within!
The deep elf zephyrmancer is heavily wounded.
The deep elf zephyrmancer is poisoned.
The deep elf archer is poisoned.
Your toxic aura wanes.
The deep elf archer unwields a +0 dagger.
The deep elf archer wields a +0 shortbow.
The deep elf archer shoots an arrow.
The arrow hits you!!
You die...

.'....⌠..# ##..#
## e......)#
#...# #.
#.(.....# #8.8#
#. #.e.....#
#...# #.
#.......#
##..####
#.......#
#...### #..⌠..#
###...## #)....#
#.##...) #@....#
#.###... #.....#
#.# ##.. ##...##
#.# ### #...#
#.# # ##'##
###'###### #.#
##.....##.. #.#
##.......'##
#.###.......[.##
#..............#


You could see a deep elf archer (repels missiles, poisoned), a deep elf
zephyrmancer (poisoned) and a +0 war axe of flaming.

Vanquished Creatures
  Nikola (Elf:1)
  Rupert (D:15)
  Gastronok (D:12)
  2 azure jellies (IceCv)
  Roxanne (D:14)
  A quicksilver ooze (IceCv)
  Nessos (Lair:6)
  Azrael (D:12)
  Snorg (D:13)
  A bunyip (shapeshifter) (D:15)
  A great orb of eyes (D:15)
  A fire dragon (Lair:6)
  A rakshasa (D:15)
  Erolcha (D:10)
  Josephine (D:11)
  11 hydras
  Fannar (D:10)
  An ogre mage (D:15)
  4 vault guards (D:14)
  4 boulder beetles
  4 centaur warriors
  The ghost of rogsnak the Destroyer, a journeyman DsAE of Sif Muna (D:10)
  7 two-headed ogres
  2 dancing weapons (Elf:1)
  11 death yaks
  A tengu warrior (D:15)
  Urug (D:12)
  3 orc high priests (Orc:2)
  A deep elf knight (Elf:1)
  Nergalle (D:10)
  Sonja (Lair:2)
  7 orc knights
  6 deep elf pyromancers
  A lindwurm (Lair:6)
  2 deep elf archers (Elf:1)
  5 ugly things
  5 orc sorcerers
  A deep elf zephyrmancer (Elf:1)
  A manticore (D:14)
  6 cyclopes
  Joseph (D:10)
  11 black mambas
  2 ice statues (IceCv)
  3 molten gargoyles (Lair:6)
  5 gargoyles
  12 cane toads
  2 torpor snails
  5 rime drakes
  Psyche (D:10)
  3 kobold demonologists (D:11)
  11 komodo dragons
  A yaktaur (D:14)
  A tengu conjurer (D:14)
  4 entropy weaver simulacra (IceCv)
  3 meliai (D:15)
  7 trolls
  26 slime creatures
  A hornet (D:9)
  4 polar bears
  A tarantella (shapeshifter) (D:14)
  7 dream sheep (Lair:3)
  9 blink frogs
  A meliai zombie (D:10)
  2 air elementals (Elf:1)
  A yak (shapeshifter) (D:15)
  6 wraiths
  A ynoxinul (D:10)
  3 wyverns
  2 shadows
  27 yaks
  3 fire elementals (D:12)
  5 basilisks
  A vampire (D:12)
  3 steam dragons
  9 vampire mosquitoes
  2 wargs
  An acid dragon (D:8)
  7 hell hounds
  13 water moccasins
  2 demonic crawler simulacra (IceCv)
  A sky beast (D:8)
  An ice beast (D:6)
  24 orc warriors
  3 ugly thing simulacra (IceCv)
  2 black bears
  3 necrophages
  6 wolves (Lair:3)
  3 ogres
  14 centaurs
  3 kobold brigands
  2 earth elementals (Elf:1)
  A glowing shapeshifter simulacrum (IceCv)
  12 bullfrogs
  A gnoll sergeant (D:13)
  7 scorpions
  A water moccasin zombie (D:6)
  16 killer bees
  5 wights (D:8)
  6 howler monkeys
  4 lava snakes (Lair:6)
  2 electric eels
  2 centaur zombies (D:9)
  A jelly (D:6)
  4 hounds
  A bullfrog skeleton (D:4)
  An iguana (D:5)
  11 orc priests
  A gnoll shaman (D:7)
  Natasha (thrice) (D:2)
  32 orc wizards
  A hell rat (Sewer)
  A killer bee zombie (D:8)
  A howler monkey zombie (D:9)
  Robin (D:2)
  A howler monkey skeleton (D:5)
  8 adders
  19 gnolls
  5 river rats
  A shadow imp (D:7)
  2 white imps
  An adder zombie (D:5)
  7 worms
  3 dart slugs
  67 orcs
  2 ball pythons
  5 bats
  6 endoplasms
  2 giant cockroaches
  20 goblins
  11 hobgoblins
  21 kobolds
  7 quokkas
  5 frilled lizards
  A jackal skeleton (D:4)
  9 rats
693 creatures vanquished.

Vanquished Creatures (collateral kills)
  A slime creature (IceCv)
  A killer bee (D:4)
2 creatures vanquished.

Vanquished Creatures (others)
  A slime creature (D:12)
  2 demonic crawler simulacra (IceCv)
  An ugly thing simulacrum (IceCv)
  An orc (Orc:2)
  7 bushes (Lair:6)
  169 fulminant prisms
  25 fungi
  33 plants
239 creatures vanquished.

Grand Total: 934 creatures vanquished

Notes
Turn   | Place    | Note
-------+----------+-------------------------------------------
     0 | D:1      | porpoise the Deep Elf Conjurer began the quest for the Orb.
     0 | D:1      | Reached XP level 1. HP: 10/10 MP: 6/6
   169 | D:1      | Reached XP level 2. HP: 15/15 MP: 2/8
   223 | D:1      | Found a faded altar of an unknown god.
   567 | D:1      | Learned a level 2 spell: Searing Ray
   943 | D:1      | Reached XP level 3. HP: 19/19 MP: 5/10
  1089 | D:2      | Reached skill level 4 in Spellcasting
  1112 | D:2      | Noticed Natasha
  1119 | D:2      | Killed Natasha
  1120 | D:2      | Reached skill level 5 in Conjurations
  1269 | D:2      | Reached XP level 4. HP: 24/24 MP: 8/12
  1403 | D:2      | Noticed Natasha
  1412 | D:2      | Killed Natasha
  1614 | D:2      | Noticed Natasha
  1620 | D:2      | Killed Natasha
  1621 | D:2      | Reached skill level 5 in Spellcasting
  1621 | D:2      | Reached XP level 5. HP: 28/28 MP: 5/14
  1688 | D:2      | Learned a level 4 spell: Fulminant Prism
  1693 | D:2      | Learned a level 4 spell: Iskenderun's Mystic Blast
  1951 | D:2      | Noticed Robin
  1979 | D:2      | Killed Robin
  1980 | D:2      | Reached skill level 1 in Hexes
  2180 | D:2      | Identified the +6 chain mail "Pynwog" {Harm Will++ Dex-3}
  3305 | D:3      | Reached XP level 6. HP: 22/32 MP: 7/16
  3579 | D:4      | Reached skill level 6 in Spellcasting
  4207 | D:4      | Reached XP level 7. HP: 36/36 MP: 19/19
  4320 | D:4      | Reached skill level 7 in Spellcasting
  4438 | D:4      | Reached skill level 5 in Stealth
  4438 | D:4      | Reached skill level 1 in Translocations
  4487 | D:4      | Reached skill level 5 in Hexes
  4783 | D:4      | Found a burning altar of Makhleb.
  4995 | D:5      | Entered Level 5 of the Dungeon
  5137 | D:5      | Found a glowing drain.
  5180 | Sewer    | Entered a sewer
  5593 | D:5      | Found a hazy altar of Hepliaklqana.
  5614 | D:5      | Found Vaucannu's Elemental Accessories.
  5689 | D:5      | Reached XP level 8. HP: 23/41 MP: 11/20
  6500 | D:6      | Found a staircase to the Ecumenical Temple.
  6552 | Temple   | Entered the Ecumenical Temple
  7259 | D:6      | Reached skill level 5 in Translocations
  8155 | D:7      | Found a runed translucent gate.
  8155 | D:7      | Found a runed translucent gate.
  8155 | D:7      | Found a runed translucent gate.
  8156 | D:7      | Noticed frimble's ghost (novice DsWr)
  8436 | D:7      | Learned a level 3 spell: Ignite Poison
  8441 | D:7      | Learned a level 4 spell: Olgreb's Toxic Radiance
  8819 | D:7      | Found a blossoming altar of Fedhas.
  8823 | D:7      | Found a glowing golden altar of the Shining One.
  8980 | D:7      | Identified the +6 rapier "Ziocitae" {vorpal, *Corrode Fly
                  | Str+2 SInv}
  8998 | D:7      | Found a broken altar of Ashenzari.
  9000 | D:7      | Found a basalt altar of Yredelemnul.
  9002 | D:7      | Found a shimmering blue altar of Sif Muna.
  9034 | D:7      | Reached skill level 8 in Spellcasting
  9038 | D:7      | Noticed a two-headed ogre
  9047 | D:7      | Killed a two-headed ogre
  9048 | D:7      | Reached skill level 10 in Spellcasting
  9048 | D:7      | Reached XP level 9. HP: 45/45 MP: 9/25
  9357 | D:7      | Reached skill level 1 in Poison Magic
 10360 | D:8      | Reached skill level 1 in Transmutations
 10478 | D:8      | Found a radiant altar of Vehumet.
 10482 | D:8      | Became a worshipper of Vehumet
 10518 | D:8      | Reached skill level 11 in Spellcasting
 10742 | D:8      | Found an ornate altar of the Wu Jian Council.
 11017 | D:8      | Reached XP level 10. HP: 50/50 MP: 15/27
 11020 | D:8      | Reached skill level 5 in Poison Magic
 11253 | D:8      | Reached skill level 12 in Spellcasting
 11552 | D:8      | Reached skill level 5 in Transmutations
 11552 | D:8      | Reached skill level 1 in Fire Magic
 11814 | D:8      | Reached * piety under Vehumet
 11814 | D:8      | Offered knowledge of Freeze by Vehumet.
 12013 | D:8      | Noticed a gargoyle
 12024 | D:8      | Killed a gargoyle
 12725 | D:8      | Identified the +8 spear "Goblinbane" {venom, *Corrode rElec
                  | Will++ Int+3}
 12836 | D:8      | Found an ancient bone altar of Kikubaaqudgha.
 13422 | D:9      | Found a snail-covered altar of Cheibriados.
 13614 | D:9      | Reached skill level 1 in Fighting
 13614 | D:9      | Reached skill level 5 in Fire Magic
 13823 | D:9      | Found a sacrificial altar of Ru.
 13899 | D:9      | Reached skill level 1 in Evocations
 14016 | D:9      | Found a glowing silver altar of Zin.
 14016 | D:9      | Noticed an angel
 14186 | D:9      | Reached XP level 11. HP: 57/57 MP: 22/29
 14468 | D:10     | Entered Level 10 of the Dungeon
 14468 | D:10     | Noticed Joseph
 14473 | D:10     | Killed Joseph
 14480 | D:10     | Noticed Nergalle
 14722 | D:10     | Killed Nergalle
 14740 | D:10     | Offered knowledge of Static Discharge by Vehumet.
 14746 | D:10     | Noticed Fannar
 14750 | D:10     | Killed Fannar
 14750 | D:10     | Reached ** piety under Vehumet
 14819 | D:10     | Noticed Psyche
 14823 | D:10     | Killed Psyche
 15068 | D:10     | Noticed a two-headed ogre
 15071 | D:10     | Killed a two-headed ogre
 15244 | D:10     | Noticed rogsnak's ghost (journeyman DsAE)
 15328 | D:10     | Found a staircase to the Lair.
 15724 | D:10     | Found a runed translucent door.
 15851 | D:10     | Killed rogsnak's ghost
 16189 | D:10     | Got the Volume of Stones
 16197 | D:10     | Learned a level 5 spell: Lee's Rapid Deconstruction
 16204 | D:10     | Learned a level 6 spell: Iron Shot
 16266 | D:10     | Noticed Erolcha
 16270 | D:10     | Killed Erolcha
 16521 | D:10     | Found a white marble altar of Elyvilon.
 16773 | D:11     | Noticed a two-headed ogre
 16782 | D:11     | Noticed Josephine
 16791 | D:11     | Killed Josephine
 16792 | D:11     | Reached skill level 5 in Fighting
 16913 | D:11     | Noticed a boulder beetle
 16914 | D:11     | Reached skill level 5 in Evocations
 17076 | D:10     | Killed a two-headed ogre
 17076 | D:10     | Offered knowledge of Scorch by Vehumet.
 17226 | D:10     | Reached XP level 12. HP: 68/68 MP: 23/30
 17283 | Lair:1   | Entered Level 1 of the Lair of Beasts
 17362 | Lair:1   | Reached skill level 1 in Earth Magic
 17730 | Lair:1   | Identified the +0 pair of boots of Hepliaklqana's Delight
                  | {*Slow rElec Dex+3}
 17744 | Lair:1   | Found a frozen archway.
 17828 | Lair:1   | Learned a level 3 spell: Mephitic Cloud
 17829 | IceCv    | Entered an ice cave
 18403 | IceCv    | Reached *** piety under Vehumet
 20435 | IceCv    | Reached skill level 5 in Earth Magic
 20721 | IceCv    | Noticed a quicksilver ooze
 20730 | IceCv    | Killed a quicksilver ooze
 21882 | IceCv    | Noticed an azure jelly
 21889 | IceCv    | Killed an azure jelly
 22004 | IceCv    | Noticed an azure jelly
 22013 | IceCv    | Killed an azure jelly
 22299 | IceCv    | Found a viscous altar of Jiyva.
 22322 | IceCv    | Got the ring "Juth" {rC+ rN+ Int+3 SInv}
 22460 | IceCv    | Got the +5 mace of Soemihe {freeze, Fly rF- Str+3}
 22774 | Lair:1   | Reached XP level 13. HP: 72/72 MP: 18/31
 23560 | Lair:2   | Reached skill level 1 in Shields
 24212 | Lair:2   | Offered knowledge of Conjure Flame by Vehumet.
 24549 | Lair:2   | Noticed Sonja
 24551 | Lair:2   | Killed Sonja
 25178 | Lair:2   | Identified the +1 chain mail of Daug {rN+}
 25439 | Lair:3   | Identified a scroll of acquirement
 25439 | Lair:3   | Acquired the +1 hat "Inarew" {Will+}
 25828 | Lair:3   | Reached **** piety under Vehumet
 26027 | Lair:3   | Identified the +7 dagger of Ointment {vorpal, rCorr Str+4}
 26044 | Lair:3   | Identified the +4 long sword of Kaphaod {vorpal, rElec MP+9
                  | Int-5 Dex+4}
 26394 | Lair:3   | Offered knowledge of Inner Flame by Vehumet.
 26894 | Lair:3   | Identified the +5 long sword "Xoelup" {flame, Int+2}
 27348 | Lair:3   | Reached skill level 5 in Dodging
 27552 | Lair:3   | Upgraded the game from 0.28-a0-1347-g113dc556a4 to
                  | 0.28-a0-1356-g2ad6d04315
 28089 | Lair:4   | Found a hole to the Spider Nest.
 28123 | Lair:4   | Found a runed translucent gate.
 28123 | Lair:4   | Found a runed translucent gate.
 28123 | Lair:4   | Found a runed translucent gate.
 28818 | Lair:4   | Found a staircase to the Snake Pit.
 29173 | Lair:4   | Noticed Kesmoz's ghost (journeyman MfBe)
 29272 | Lair:5   | Reached XP level 14. HP: 78/78 MP: 19/32
 30675 | D:11     | Reached skill level 13 in Spellcasting
 31292 | D:12     | Reached ***** piety under Vehumet
 31295 | D:12     | Noticed Gastronok
 31323 | D:12     | Killed Gastronok
 31457 | D:12     | Noticed Azrael
 31468 | D:12     | Killed Azrael
 31585 | D:12     | Offered knowledge of Flame Wave by Vehumet.
 32036 | D:12     | Found Luinawos's Distillery.
 32230 | D:12     | Acquired a book of Dangerous Friends
 32240 | D:12     | Learned a level 7 spell: Orb of Destruction
 32326 | D:12     | Found a staircase to the Orcish Mines.
 32407 | D:12     | Noticed Urug
 32413 | D:12     | Killed Urug
 32755 | D:12     | Got the Catalogue of the Traveller and Creation
 32774 | D:12     | Bought a potion of invisibility for 96 gold pieces
 32774 | D:12     | Bought a potion of magic for 96 gold pieces
 32774 | D:12     | Bought a potion of cancellation for 96 gold pieces
 32774 | D:12     | Bought a potion of heal wounds for 60 gold pieces
 33163 | D:12     | Reached skill level 14 in Spellcasting
 33560 | D:13     | Found a transporter.
 33560 | D:13     | Noticed Snorg
 33569 | D:13     | Killed Snorg
 33632 | D:13     | Found a transporter.
 33650 | D:13     | Found Kaudisho's Antique Armour Shoppe.
 33790 | D:13     | Bought a dyed leather armour for 105 gold pieces
 33790 | D:13     | Bought a glowing leather armour for 105 gold pieces
 33820 | D:13     | Found Gulameud's Weapon Shop.
 33958 | D:13     | Found Oqipujycw's Magic Scroll Shoppe.
 34085 | D:13     | Found a shadowy altar of Dithmenos.
 34169 | D:13     | Found Apryggoxt's Assorted Antiques.
 34177 | D:13     | Bought a scroll labelled LARHOA ICWE for 32 gold pieces
 34177 | D:13     | Bought a crooked glowing staff for 384 gold pieces
 34177 | D:13     | Bought a runed ivory wand for 128 gold pieces
 35324 | D:14     | Identified Roxanne's Reference Book on the Mountains
 35324 | D:14     | Noticed Roxanne
 35329 | D:14     | Killed Roxanne
 35527 | D:14     | Reached skill level 10 in Conjurations
 36758 | D:14     | Found a gate to the Vaults.
 36834 | D:15     | Entered Level 15 of the Dungeon
 36861 | D:15     | Reached XP level 15. HP: 85/85 MP: 12/35
 37058 | D:15     | Reached skill level 10 in Stealth
 37657 | D:15     | Found a staircase to the Depths.
 38509 | D:15     | Noticed Rupert
 38513 | D:15     | Killed Rupert
 38652 | D:15     | Reached skill level 10 in Dodging
 38867 | Orc:1    | Entered Level 1 of the Orcish Mines
 39018 | Orc:2    | Entered Level 2 of the Orcish Mines
 39035 | Orc:2    | Found a staircase to the Elven Halls.
 39249 | Orc:2    | Found a shimmering altar of Xom.
 40926 | Orc:2    | Found Nerr's Antique Armour Boutique.
 40926 | Orc:2    | Found Evaci's General Store.
 40928 | Orc:2    | Found Deyhugya's Distillery.
 40928 | Orc:2    | Found Urhug's Antique Armour Shoppe.
 41327 | Orc:1    | Found a burning altar of Makhleb.
 41328 | Orc:1    | Offered knowledge of Sticky Flame by Vehumet.
 41788 | Orc:2    | Bought a scroll of blinking for 105 gold pieces
 41804 | Orc:2    | Bought a runed helmet for 232 gold pieces
 41804 | Orc:2    | Bought a shiny orb for 372 gold pieces
 42119 | Lair:6   | Entered Level 6 of the Lair of Beasts
 42279 | Lair:6   | Found a viscous altar of Jiyva.
 42279 | Lair:6   | Found a staircase to the Slime Pits.
 42876 | Lair:6   | Reached skill level 10 in Earth Magic
 43188 | Lair:6   | Noticed Nessos
 43204 | Lair:6   | Killed Nessos
 44388 | Lair:6   | Found a large runed translucent door.
 44388 | Lair:6   | Found a large runed translucent door.
 44926 | Lair:1   | Upgraded the game from 0.28-a0-1356-g2ad6d04315 to
                  | 0.28-a0-1374-ga75cb3825e
 44967 | Spider:1 | Entered Level 1 of the Spider Nest
 45182 | Elf:1    | Entered Level 1 of the Elven Halls
 45577 | Elf:1    | Reached XP level 16. HP: 92/92 MP: 29/36
 45645 | Elf:1    | Paralysed by an air elemental for 1 turns
 45750 | Elf:1    | Noticed Nikola
 46130 | Elf:1    | Paralysed by an air elemental for 1 turns
 46134 | Elf:1    | Paralysed by an air elemental for 1 turns
 46140 | Elf:1    | Killed Nikola
 46140 | Elf:1    | Shot with an arrow by a deep elf archer

Illustrated notes

Levels and vault maps discovered:
D:1:      heliophobic_arrival_ceremonial_halls, layout_loops_cross,
          ebering_ecumenical_altar_petrified
D:2:      minmay_wonky_spiral, layout_basic, uniq_robin, uniq_natasha
D:3:      layout_rooms, minmay_hedge_maze
D:4:      layout_cave_pools, lightli_temple_of_fire, grunt_decor_clamped
D:5:      layout_loops_ring, worldfamousw_hep_ancestral_shrine,
          lightli_sewer_entry_pipes, chequers_serial_rivers_large_a,
          nicolae_elemental_shop
D:6:      layout_layer_cave, minmay_temple_entry_drinking_statues
D:7:      layout_layer_cave, nicolae_overflow_hidden_temple,
          gammafunk_ghost_nasty_kobolds, grunt_decor_arrowhead
D:8:      black_bear_nest_2, layout_basic, mainiacjoe_overflow_six_doors_small,
          vehumet_crystals, kiku_gazebo_pond_becter, enter_bailey_7,
          minmay_the_grid_2x2 [minmay_the_grid_dragon_b, minmay_the_grid_mess,
          minmay_the_grid_embedded, minmay_the_grid_prize_shrinking_boxes]
D:9:      layout_gridville, mainiacjoe_overflow_cross_hatched,
          lemuel_crystal_altar, zin_angel
D:10:     layout_loops_ring, mainiacjoe_overflow_surrounded_room,
          lair_entry_dummy, hellmonk_ghost_big_iron, uniq_erolcha, uniq_joseph,
          uniq_fannar, uniq_nergalle, uniq_psyche
D:11:     layout_big_octagon, serial_shops, bzr_in_the_mist, uniq_josephine
D:12:     layout_basic, orc_0_dummy, serial_shops, nicolae_shop_trees,
          uniq_azrael, uniq_gastronok, uniq_urug
D:13:     gammafunk_boulding_lane, layout_gridville, serial_shops,
          nicolae_shop_behind_doors, shop, nicolae_stop_n_shop_1,
          nicolae_square_shop, grunt_dithmenos_shadows, uniq_snorg
D:14:     layout_cave_pools, grunt_vaults_entry_fortified,
          kennysheep_cross_room, kennysheep_minor_cross, uniq_roxanne
D:15:     gammafunk_enter_depths_forms, layout_basic, corexii_corridor_pit,
          uniq_rupert
Temple:   corrupted_temple
Lair:1:   layout_cellular_growth, portal_ice_cave_rime,
          cheibrodos_lair_lostbears, infiniplex_staircase_pool_2
Lair:2:   cheibrodos_lair_river_kwai, layout_regular_city, uniq_sonja
Lair:3:   layout_chaotic_city
Lair:4:   layout_regular_city, dummy_snake_entry,
          nicolae_spider_entry_non_spiders, gammafunk_ghost_necromancy
Lair:5:   layout_concentric_octagons, infiniplex_staircase_pool,
          grunt_megastairs_2, serial_bayou_shore_a
Lair:6:   cheibrodos_lair_end_hotspot, layout_regular_city,
          dpeg_slime_entry_enclosed_altar, hibernation_bobbens, uniq_nessos
Spider:1: layout_chambers
Orc:1:    layout_diamond_mine, basic_altar
Orc:2:    grunt_orc_tribal_feast, layout_diamond_mine, basic_altar
Elf:1:    kennysheep_oblong_rooms, layout_geoelf_octagon, orc_legates,
          grunt_megastairs_5, uniq_nikola

Skill      XL: |  1  2  3  4  5  6  7  8  9 10 11 12 13 14 15 |
---------------+----------------------------------------------+-----
Stealth        | 3 4 5 7 9 11 | 11.9
Spellcasting   | 4 5 6 7 10 11 12 14 | 14.0
Conjurations   | 5 7 8 9 10 12 | 12.0
Hexes          | 2 4 6 7 9 |  9.5
Translocations | 3 5 7 |  7.0
Poison Magic   | 4 7 8 9 |  9.0
Transmutations | 4 6 7 |  7.0
Fire Magic     | 5 7 |  7.0
Fighting       | 1 5 6 7 |  7.0
Evocations     | 1 5 7 9 |  9.0
Earth Magic    | 7 9 10 | 10.7
Shields        | 4 |  4.0
Dodging        | 6 9 12 | 12.0

Action                   |  1- 3 |  4- 6 |  7- 9 | 10-12 | 13-15 | 16-18 || total
-------------------------+-------+-------+-------+-------+-------+-------++-------
Melee: Dagger            |       |       |       |       |     2 |       ||     2
       Staff             |       |       |       |       |     3 |       ||     3
 Fire: Hunting sling     |       |    28 |    71 |   106 |    95 |     1 ||   301
 Cast: Magic Dart        |    43 |    66 |     2 |       |       |       ||   111
       Searing Ray       |     3 |    28 |    58 |    80 |    46 |       ||   215
       Fulminant Prism   |       |     1 |    10 |    49 |   108 |     1 ||   169
       Olgreb's Toxic Ra |       |       |     8 |    24 |    66 |     3 ||   101
       Ignite Poison     |       |       |     6 |    33 |    98 |     6 ||   143
       Iskenderun's Myst |       |       |     2 |    44 |    76 |       ||   122
       Iron Shot         |       |       |       |     7 |   145 |       ||   152
       Lee's Rapid Decon |       |       |       |     2 |    17 |       ||    19
       Mephitic Cloud    |       |       |       |       |     3 |       ||     3
       Orb of Destructio |       |       |       |       |     5 |     2 ||     7
Evoke: Wand              |       |       |       |    11 |    16 |       ||    27
       Lightning rod     |       |       |       |     7 |     4 |       ||    11
  Use: Scroll            |       |     8 |     7 |     9 |     5 |       ||    29
       Potion            |       |       |     2 |     7 |     3 |     2 ||    14
 Stab: Paralysed         |       |       |       |       |     1 |       ||     1
Armor: Robe              |       |     7 |     2 |    12 |    12 |       ||    33
       Acid dragon scale |       |       |       |     1 |       |       ||     1
Dodge: Dodged            |       |    23 |    29 |   107 |   103 |     1 ||   263
Block: Buckler           |       |       |       |       |    24 |     1 ||    25

Table legend: (Time is in decaauts)
 A = Elapsed time spent in this place.
 B = Non-inter-level travel time spent in this place.
 C = Inter-level travel time spent in this place.
 D = Time resting spent in this place.
 E = Time spent auto-exploring this place.
 F = Levels seen in this place.
 G = Mean time per level.
                   A        B        C        D        E       F      G
               +--------+--------+--------+--------+--------+-----+--------+
         Total |  46330 |  44194 |   2136 |  24476 |  13385 |  28 | 1654.6 |
       Dungeon |  25261 |  24303 |    958 |  12731 |   8316 |  15 | 1684.1 |
        Temple |     47 |     33 |     14 |      0 |     28 |   1 |   47.0 |
          Lair |  12035 |  11121 |    914 |   5804 |   3896 |   6 | 2005.8 |
   Spider Nest |      1 |      0 |      1 |      0 |      0 |   1 |    1.0 |
  Orcish Mines |   3085 |   2839 |    246 |   1685 |    657 |   2 | 1542.5 |
   Elven Halls |    921 |    921 |      0 |    618 |     34 |   1 |  921.0 |
         Sewer |    272 |    272 |      0 |    163 |      0 |   1 |  272.0 |
      Ice Cave |   4704 |   4704 |      0 |   3474 |    454 |   1 | 4704.0 |
               +--------+--------+--------+--------+--------+-----+--------+

Top non-repeatable levels by time:
   IceCv: 4704 daAuts
     D:8: 3106 daAuts
  Lair:6: 2747 daAuts
    D:10: 2679 daAuts
  Lair:2: 2452 daAuts
    D:12: 2248 daAuts
   Orc:2: 2204 daAuts
     D:7: 2161 daAuts
  Lair:1: 2043 daAuts
    D:14: 2002 daAuts
    D:15: 1999 daAuts
  Lair:4: 1892 daAuts
  Lair:3: 1718 daAuts
     D:6: 1650 daAuts
     D:4: 1436 daAuts
